 Dungeon Crawl Stone Soup version 0.24-a0-789-g35933f4585 (webtiles) character file.

Game seed: 16866516128121488044, levelgen mode: deterministic

209 Kohma the Caller (level 5, -1/35 HPs)
             Began as a Merfolk Summoner on Oct 10, 2019.
             Was an Initiate of Ashenzari.
             Slain by a water moccasin (2 damage)
             ... on level 4 of the Dungeon.
             The game lasted 00:14:02 (4411 turns).

Kohma the Caller (Merfolk Summoner)                 Turns: 4411, Time: 00:14:03

Health: -1/35      AC:  2    Str:  9    XL:     5   Next: 87%
Magic:  2/9        EV: 10    Int: 15    God:    Ashenzari [......]
Gold:   233        SH: 10    Dex: 14    Spells: 4/10 levels left

rFire    + . .     SeeInvis .   w - +0 trident
rCold    . . .     Gourm    .   d - +3 shield {rF+}
rNeg     . . .     Faith    .   a - +0 robe
rPois    .         Spirit   .   (no helmet)
rElec    .         Reflect  .   (no cloak)
rCorr    .         Harm     .   (no gloves)
MR       .....                  (no boots)
Stlth    ++........             (no amulet)
HPRegen  0.11/turn              (no ring)
MPRegen  0.11/turn              (no ring)

@: lethally poisoned (-1 -> -26), very slightly contaminated
A: change form in water, swift swim, stealthy swim
a: Curse Item, Renounce Religion


You were on level 4 of the Dungeon.
You worshipped Ashenzari.
Ashenzari was noncommittal.
You were not hungry.

You visited 2 branches of the dungeon, and saw 6 of its levels.

You collected 233 gold pieces.

Inventory:

Hand Weapons
 e - a +0 short sword
 j - a +2 dagger of flaming
 w - a +0 trident (weapon)
Missiles
 b - 140 stones
 i - a curare-tipped dart
 z - 2 poisoned darts (quivered)
Armour
 a - a +0 robe (worn)
 d - a +3 shield of fire resistance (worn)
 h - a +0 scale mail
Jewellery
 m - an uncursed ring of ice
 y - an uncursed ring of fire
Wands
 B - a wand of flame (14)
Scrolls
 f - a scroll of amnesia
 n - a scroll of fog {unknown}
 p - a scroll of teleportation
Potions
 g - a potion of brilliance {unknown}
 k - 3 potions of heal wounds
 l - a potion of agility {unknown}
 q - 2 potions of ambrosia
 r - a potion of curing
 s - 2 potions of lignification {unknown}
 t - 2 potions of might
 u - a potion of resistance {unknown}
 x - 3 potions of magic
 A - a potion of berserk rage {unknown}
Comestibles
 c - 11 rations
 o - 4 chunks of flesh


   Skills:
 + Level 2.1 Polearms
 - Level 2.7 Dodging
 - Level 2.2 Stealth
 + Level 2.2 Shields
 - Level 3.0 Spellcasting
 * Level 5.5 Summonings


You had 4 spell levels left.
You knew the following spells:

 Your Spells              Type           Power        Failure   Level  Hunger
a - Summon Small Mammal   Summ           ###.         11%         1    #......
b - Call Imp              Summ           ###.....     16%         2    ##.....
c - Call Canine Familiar  Summ           ###.....     32%         3    ###....

Your spell library contained the following spells:

 Spells                   Type           Power        Failure   Level  Hunger
 Summon Guardian Golem    Hex/Summ       ##......     69%         3    ###....
 Summon Ice Beast         Ice/Summ       ##......     97%         4    #####..
 Summon Lightning Spire   Summ/Air       ##......     97%         4    #####..


Dungeon Overview and Level Annotations

Branches:
Dungeon (5/15)             Temple (1/1) D:4

Altars:
Ashenzari
Cheibriados
Dithmenos
Elyvilon
Gozag
Hepliaklqana
Kikubaaqudgha
Makhleb
Nemelex Xobeh
Okawaru
Qazlal
Ru
Trog
Uskayaw
Wu Jian
Xom
The Shining One


Message History

* * * LOW HITPOINT WARNING * * *
The water moccasin barely misses you.
Casting: Call Imp (safe; 16% risk of failure)
Confirm with . or Enter, or press ? or * to list all spells.
The water moccasin barely misses you. The water moccasin bites you.
* * * LOW HITPOINT WARNING * * *
You are lethally poisoned!
The water moccasin poisons you!
Casting: Call Canine Familiar (safe; 32% risk of failure)
Confirm with . or Enter, or press ? or * to list all spells.
A beastly little devil appears in a puff of frigid air.
* * * LOW HITPOINT WARNING * * *
You feel sick. The water moccasin bites you.
* * * LOW HITPOINT WARNING * * *
You are more poisoned.
The water moccasin poisons you!
* * * LOW HITPOINT WARNING * * *
You feel very sick.
Your hound misses the water moccasin. The water moccasin bites you.
You die...

....# #..###.#.# #.#
....####........###########.#
....+#.#.#.#.#.#.##.......#.#####
....#.....#.#.#.#.......#.#.....#
....+....#.#.#.#.##.###.#.#.....#
....#.....#.#.......#.#.#.#.....#
+#.........#.#......#...#.#.....#
#.#...#.....#.......#.###.#.....#
.#....+(...#.#h.@.........#.#####
#.#...#.#.#.#..S.5..#.##....#
.#.#+#.#.#.#.#.#.##.........#
#.....#.#.#.#.#.#.#.#.#.....#
.#...#.#.#.#.>.#.#.....<....#
#+....#.#.#.#.#.#+###.......#
.#...#.#.#.#.#..............#
#.....#.#.#.#'.........##########
.#...#.#.#.#'#.....###.#.........


You could see a water moccasin, a friendly hound and a friendly white imp.

Vanquished Creatures
  An ogre (D:4)
  An orc priest (D:3)
  A hound (D:4)
  A worker ant (D:4)
  An adder (D:3)
  An ooze (D:3)
  A worm (D:4)
  A leopard gecko (D:2)
  2 orcs
  8 bats
  3 giant cockroaches
  5 hobgoblins
  2 jackals (D:4)
  3 quokkas
  4 frilled lizards
  7 goblins
  A jackal skeleton (D:4)
  9 kobolds
  10 rats
62 creatures vanquished.

Vanquished Creatures (collateral kills)
  2 adders
  A worm (D:4)
  3 orcs
  A bat (D:1)
  A goblin (D:3)
  A hobgoblin (D:2)
  A jackal (D:4)
  A frilled lizard (D:2)
  A kobold (D:3)
12 creatures vanquished.

Grand Total: 74 creatures vanquished

Notes
Turn   | Place    | Note
-------+----------+-------------------------------------------
     0 | D:1      | Kohma the Merfolk Summoner began the quest for the Orb.
     0 | D:1      | Reached XP level 1. HP: 13/13 MP: 3/3
   525 | D:1      | Reached XP level 2. HP: 17/19 MP: 5/5
  1312 | D:2      | Learned a level 2 spell: Call Imp
  1445 | D:2      | Reached XP level 3. HP: 12/24 MP: 4/6
  1521 | D:2      | Reached skill level 1 in Shields
  1529 | D:2      | Found a hide-covered altar of Uskayaw.
  2167 | D:3      | Reached XP level 4. HP: 24/30 MP: 1/7
  2577 | D:3      | Reached skill level 5 in Summonings
  3181 | D:4      | Reached skill level 1 in Polearms
  3181 | D:4      | Reached XP level 5. HP: 23/35 MP: 2/9
  3367 | D:4      | Found a staircase to the Ecumenical Temple.
  3371 | Temple   | Entered the Ecumenical Temple
  3384 | Temple   | Became a worshipper of Ashenzari the Shackled
  3744 | D:4      | Learned a level 3 spell: Call Canine Familiar
  4126 | D:4      | Noticed an ogre
  4138 | D:4      | Killed an ogre
  4395 | D:5      | Entered Level 5 of the Dungeon
  4395 | D:5      | Noticed a water moccasin
  4411 | D:4      | HP: 1/35 [poisoned by a water moccasin]
  4411 | D:4      | Slain by a water moccasin

Levels and vault maps discovered:
D:1:      onia_arrival_mini_maze, layout_loops_ring
D:2:      layout_rooms, eat_drink_and_be_merry_uskayaw
D:3:      minmay_chambers_of_twos, layout_loops_ring, first_ration
D:4:      layout_basic, temple_statues
D:5:      layout_cave_pools, serial_shops, shop, kennysheep_little_box,
          nicolae_shop_temple_entry_statues_fountains, shop_coins
Temple:   eino_temple_scatter_basement

Skill      XL: |  1  2  3  4  5 |
---------------+----------------+-----
Shields        | 1 2 |  2.2
Summonings     | 5 |  5.5
Polearms       | 1 2 |  2.1
Spellcasting   | 3 |  3.0
Dodging        | |  2.7
Stealth        | |  2.2

Action                   |  1- 3 |  4- 6 || total
-------------------------+-------+-------++-------
Melee: Short sword       |    14 |       ||    14
       Dagger            |    96 |    96 ||   192
       Trident           |       |    13 ||    13
Throw: Dart              |       |     2 ||     2
 Cast: Summon Small Mamm |    11 |       ||    11
       Call Imp          |     2 |    20 ||    22
       Call Canine Famil |       |     2 ||     2
  Use: Scroll            |     3 |     6 ||     9
       Potion            |     2 |     2 ||     4
 Stab: Sleeping          |     1 |     2 ||     3
       Distracted        |     1 |     1 ||     2
  Eat: Chunk             |     4 |     9 ||    13
Armor: Robe              |    15 |    11 ||    26
Dodge: Dodged            |    56 |    54 ||   110
Block: Shield            |    58 |    54 ||   112

Table legend:
 A = Non-vault XP
 B = Vault XP
 C = Vault XP percentage of total XP
 D = Non-vault monster count
 E = Vault monster count
 F = Vault count percentage of total count
                 A         B        C        D         E       F
            +---------+---------+-------+---------+---------+-------
      Total |     284 |      15 |   5.0 |      66 |       8 |  10.8
            +---------+---------+-------+---------+---------+-------
        D:1 |      20 |       0 |   0.0 |      15 |       0 |   0.0
        D:2 |      35 |       0 |   0.0 |      19 |       0 |   0.0
        D:3 |      72 |      15 |  17.2 |      18 |       8 |  30.8
        D:4 |     157 |       0 |   0.0 |      14 |       0 |   0.0
            +---------+---------+-------+---------+---------+-------
